 Dungeon Crawl Stone Soup version 0.26.1-11-gd32895ea62 (webtiles) character file.

Game seed: 16657707326576793236

8227 Almogavar the Carver (level 11, -6/95 HPs)
             Began as a Minotaur Fighter on Apr 15, 2021.
             Was a Priest of the Shining One.
             Mangled by an orc warrior
             ... wielding a +0 hand axe
              (19 damage)
             ... on level 1 of the Orcish Mines.
             The game lasted 00:23:17 (9314 turns).

Almogavar the Carver (Minotaur Fighter)             Turns: 9314, Time: 00:23:17

Health: -6/95      AC: 19    Str: 24    XL:     11   Next: 7%
Magic:  7/10       EV:  8    Int:  5    God:    the Shining One [***...]
Gold:   1075       SH: 19    Dex: 16    Spells: 10/10 levels left

rFire    . . .     SeeInvis .   a - +0 long sword
rCold    . . .     Faith    .   c - +1 kite shield
rNeg     + + .     Spirit   .   b - +2 plate armour {rN+}
rPois    .         Reflect  .   (helmet restricted)
rElec    .         Harm     .   (no cloak)
rCorr    .         Rampage  .   m - +0 pair of gloves
Will     .....                  F - +0 pair of boots
Stlth    ..........             (no amulet)
HPRegen  0.25/turn              E - +6 ring of dexterity
MPRegen  0.12/turn              (no ring)

@: divine shield, glowing
A: retaliatory headbutt, horns 2
a: Renounce Religion, Divine Shield


You were on level 1 of the Orcish Mines.
You worshipped the Shining One.
The Shining One was most pleased with you.
You visited 3 branches of the dungeon, and saw 11 of its levels.

You collected 1075 gold pieces.

Inventory:

Hand Weapons
 a - a +0 long sword (weapon)
 k - a +3 flail of freezing
 M - a +0 war axe
Missiles
 y - 16 poisoned darts (quivered)
 G - 5 boomerangs
Armour
 b - a +2 plate armour of positive energy (worn)
 c - a +1 kite shield (worn)
 m - a +0 pair of gloves (worn)
 F - a +0 pair of boots (worn)
 J - +0 steam dragon scales
Jewellery
 E - a +6 ring of dexterity (left hand)
Wands
 l - a wand of polymorph (12)
 v - a wand of acid (10)
Scrolls
 e - 3 scrolls of magic mapping
 f - a scroll of noise {unknown}
 g - 3 scrolls of amnesia
 i - a scroll of enchant armour
 j - 5 scrolls of teleportation
 n - 2 scrolls of blinking {unknown}
 r - a scroll of enchant weapon {unknown}
 x - a scroll of remove curse
 z - 2 scrolls of fog {unknown}
 A - a scroll of immolation {unknown}
 I - a scroll of fear {unknown}
 K - a scroll of summoning {unknown}
Potions
 d - 2 potions of lignification {unknown}
 o - 3 potions of haste
 p - a potion of ambrosia {unknown}
 q - a potion of cancellation {unknown}
 s - a potion of magic {unknown}
 t - 3 potions of invisibility
 u - 2 potions of degeneration {unknown}
 w - a potion of resistance {unknown}
 B - 2 potions of attraction {unknown}
 C - 2 potions of brilliance {unknown}
 D - 2 potions of heal wounds {unknown}
 H - a potion of berserk rage {unknown}
 L - a potion of might


   Skills:
 + Level 8.6 Fighting
 + Level 12.7 Long Blades
 + Level 1.6 Throwing
 + Level 9.4 Armour
 + Level 4.2 Dodging
 - Level 1.0 Stealth
 + Level 10.1 Shields


You had 10 spell levels left.
You didn't know any spells.
Your spell library contained the following spells:

 Spells                   Type           Power        Failure   Level
 Beastly Appendage        Tmut           0%           100%        1
 Corona                   Hex            0%           100%        1
 Sandblast                Erth           0%           100%        1
 Summon Small Mammal      Summ           0%           100%        1
 Call Imp                 Summ           0%           100%        2
 Slow                     Hex            0%           100%        2
 Wereblood                Tmut           0%           100%        2
 Call Canine Familiar     Summ           0%           100%        3
 Inner Flame              Hex/Fire       0%           100%        3
 Portal Projectile        Hex/Tloc       0%           100%        3
 Spider Form              Tmut/Pois      0%           100%        3
 Summon Guardian Golem    Hex/Summ       0%           100%        3
 Cause Fear               Hex            0%           100%        4
 Ice Form                 Ice/Tmut       0%           100%        4
 Leda's Liquefaction      Hex/Erth       0%           100%        4
 Summon Ice Beast         Ice/Summ       0%           100%        4
 Summon Lightning Spire   Summ/Air       0%           100%        4
 Blade Hands              Tmut           0%           100%        5


Dungeon Overview and Level Annotations

Branches:
Dungeon (9/15)             Temple (1/1) D:6            Lair (0/6) D:8
    Orc (2/2) D:9
    Elf: Orc:2

Altars:
Ashenzari
Cheibriados
Dithmenos
Fedhas
Gozag
Hepliaklqana
Kikubaaqudgha
Makhleb
Okawaru
Qazlal
Sif Muna
Trog
Xom
Yredelemnul
The Shining One

Shops:
D:4 *   D:8 :[(*

Annotations:
D:8 1 runed translucent door
Orc:2 Saint Roka


Innate Abilities, Weirdness & Mutations

You reflexively headbutt those who attack you in melee.
You have a pair of horns on your head.


Message History

Unknown command.
You fail to use your ability.
You block the orc sorcerer's attack. You block the orc warrior's attack.
Your plate armour prevents you from hitting the orc sorcerer.
You headbutt the orc sorcerer.
The orc sorcerer is severely wounded.
The orc sorcerer points at you and mumbles some strange words.
The bolt of negative energy misses you. You block the orc warrior's attack.
You barely miss the orc sorcerer. You headbutt the orc sorcerer!
You kill the orc sorcerer!
You block the orc warrior's attack.
Your life force feels restored.
Unknown command.
You hit the orc warrior but do no damage.
You headbutt the orc warrior.
The orc warrior is moderately wounded.
You barely miss the orc warrior. Your headbutt misses the orc warrior.
The orc warrior is moderately wounded.
The orc warrior hits you with a +0 hand axe!!
You die...

### ##..........###
##.....#.....#.#
#.#...###.#...##
###....#####..##
#...(####...#.# ###
#.#.([......#####.#
###..[......# ##..###
###....######.....#
##@)...[####......#
#.o....<..##......#
##......[..........#
#....##.[...........
#...###.........#...
##...####.......####.
#.#...####......####.
####..#.#........##..
#..........#.#......


You could see an orc warrior (strong).

Vanquished Creatures
  The ghost of DearestLeader the Frost Mage, a novice MfIE of Vehumet (D:8)
  Pikel (D:8)
  3 orc sorcerers
  3 cyclopes (Orc:1)
  Maggie (D:8)
  Grinder (D:5)
  5 wraiths (D:8)
  Grum (D:8)
  2 fire bats (D:8)
  A warg (Orc:1)
  A sky beast (D:9)
  An ice beast (D:5)
  A necrophage (D:8)
  5 orc warriors
  A phantom (D:8)
  3 ogres (D:9)
  3 centaurs (D:9)
  2 wolves (D:8)
  2 lemures (D:8)
  A water moccasin skeleton (D:8)
  A scorpion (D:5)
  3 killer bees (D:9)
  6 wights
  A jelly (D:9)
  A quasit (D:9)
  2 hounds
  11 orc priests
  2 bullfrog skeletons
  3 iguanas
  12 orc wizards
  A spectral killer bee (D:8)
  5 worker ants
  A killer bee zombie (D:5)
  A hound zombie (D:8)
  A howler monkey zombie (D:8)
  3 gnolls (D:6)
  5 adders
  A shadow imp (D:5)
  2 white imps
  A howler monkey simulacrum (D:8)
  An adder zombie (D:9)
  2 worms
  4 dart slugs (D:2)
  An adder simulacrum (D:8)
  5 leopard geckos
  26 orcs
  26 bats
  6 giant cockroaches
  9 goblins
  10 hobgoblins
  11 jackals
  A quokka (D:3)
  2 ball pythons
  A ball python skeleton (D:5)
  A frilled lizard (D:3)
  5 kobolds
  A quokka skeleton (D:4)
  10 rats
224 creatures vanquished.

Vanquished Creatures (others)
  An orc wizard (D:5)
  An orc (Orc:2)
  A withered plant (D:8)
3 creatures vanquished.

Grand Total: 227 creatures vanquished

Notes
Turn   | Place    | Note
-------+----------+-------------------------------------------
     0 | D:1      | Almogavar the Minotaur Fighter began the quest for the Orb.
     0 | D:1      | Reached XP level 1. HP: 19/19 MP: 0/0
   269 | D:1      | Reached XP level 2. HP: 27/27 MP: 1/1
   820 | D:1      | Reached skill level 3 in Long Blades
   937 | D:1      | Reached XP level 3. HP: 31/33 MP: 2/2
  1717 | D:3      | Reached XP level 4. HP: 40/40 MP: 3/3
  2236 | D:3      | Reached skill level 4 in Long Blades
  2462 | D:4      | Reached XP level 5. HP: 42/46 MP: 4/4
  2711 | D:4      | Reached skill level 5 in Shields
  3100 | D:4      | Found Guwkatis's Assorted Antiques.
  3460 | D:5      | Entered Level 5 of the Dungeon
  3520 | D:5      | Reached XP level 6. HP: 39/52 MP: 5/5
  3527 | D:5      | Reached skill level 5 in Long Blades
  3527 | D:5      | Reached skill level 1 in Dodging
  3677 | D:5      | Got an iridescent war axe
  3715 | D:5      | Noticed Grinder
  3721 | D:5      | Killed Grinder
  3722 | D:5      | Reached skill level 5 in Armour
  3722 | D:5      | Reached XP level 7. HP: 53/60 MP: 6/6
  3723 | D:5      | Reached skill level 6 in Long Blades
  3772 | D:5      | Found a stormy altar of Qazlal.
  3801 | D:5      | Found a snail-covered altar of Cheibriados.
  3908 | D:5      | Reached skill level 1 in Stealth
  4012 | D:5      | Reached skill level 7 in Long Blades
  4208 | D:6      | Found a staircase to the Ecumenical Temple.
  4221 | Temple   | Entered the Ecumenical Temple
  4305 | Temple   | Became a worshipper of the Shining One
  4333 | D:6      | Reached skill level 5 in Fighting
  4448 | D:6      | Reached XP level 8. HP: 63/68 MP: 7/7
  4468 | D:6      | Identified the +6 war axe "Qechinoy" {drain, rElec rF+
                  | Dex+4} (You found it on level 5 of the Dungeon)
  4543 | D:6      | You fall into a shaft and drop 2 floors!
  4543 | D:8      | Found Niyck's Book Shoppe.
  4544 | D:8      | Noticed Pikel
  4563 | D:8      | Killed Pikel
  4564 | D:8      | Reached skill level 8 in Long Blades
  4798 | D:8      | Found Peufiret's Antique Armour Emporium.
  4829 | D:8      | Noticed Maggie
  4840 | D:8      | Killed Maggie
  5019 | D:8      | Found Ilehotzi's Weapon Emporium.
  5025 | D:8      | Found Zagaolon's Assorted Antiques.
  5034 | D:8      | Found a staircase to the Lair.
  5052 | D:8      | Reached XP level 9. HP: 75/75 MP: 8/8
  5057 | D:8      | Reached * piety under the Shining One
  5156 | D:8      | Noticed Grum
  5175 | D:8      | Reached skill level 9 in Long Blades
  5178 | D:8      | Killed Grum
  5471 | D:8      | Found a runed translucent gate.
  5471 | D:8      | Found a runed translucent gate.
  5471 | D:8      | Found a runed translucent gate.
  5476 | D:8      | Noticed DearestLeader's ghost (novice MfIE)
  5556 | D:8      | Found a runed translucent door.
  5636 | D:8      | Found a shimmering altar of Xom.
  5655 | D:8      | Found a bloodstained altar of Trog.
  5661 | D:8      | Reached skill level 10 in Long Blades
  5691 | D:8      | Found a shimmering altar of Xom.
  5699 | D:8      | Found an iron altar of Okawaru.
  5947 | D:8      | Found a hazy altar of Hepliaklqana.
  5973 | D:8      | Reached ** piety under the Shining One
  6028 | D:8      | Found an ancient bone altar of Kikubaaqudgha.
  6397 | D:8      | Found an opulent altar of Gozag.
  6397 | D:8      | Found a hazy altar of Hepliaklqana.
  6461 | D:8      | Noticed a flayed ghost
  6462 | D:8      | Found the +10 tower shield of Ignorance {rN+ Int-4}
  6543 | D:8      | Killed DearestLeader's ghost
  6544 | D:8      | Reached XP level 10. HP: 79/86 MP: 9/9
  6892 | D:9      | Reached skill level 11 in Long Blades
  7358 | D:9      | Found a staircase to the Orcish Mines.
  7667 | D:9      | Found a blossoming altar of Fedhas.
  7669 | D:9      | Identified the Incunabulum of Earthen Transmigration
  7783 | Orc:1    | Entered Level 1 of the Orcish Mines
  7854 | Orc:1    | Noticed a cyclops
  7862 | Orc:1    | Killed a cyclops
  7940 | Orc:1    | Noticed a cyclops
  7959 | Orc:1    | Killed a cyclops
  7960 | Orc:1    | Reached skill level 1 in Throwing
  8119 | Orc:1    | Found a bloodstained altar of Trog.
  8140 | Orc:1    | Reached *** piety under the Shining One
  8141 | Orc:1    | Reached skill level 12 in Long Blades
  8365 | Orc:1    | Noticed an orc sorcerer
  8370 | Orc:1    | Killed an orc sorcerer
  8432 | Orc:2    | Entered Level 2 of the Orcish Mines
  8600 | Orc:2    | Noticed a cyclops
  8932 | Orc:2    | Noticed an orc sorcerer
  8996 | Orc:1    | Killed a cyclops
  9045 | Orc:2    | Killed an orc sorcerer
  9046 | Orc:2    | Reached skill level 10 in Shields
  9046 | Orc:2    | Reached XP level 11. HP: 91/95 MP: 10/10
  9148 | Orc:2    | Noticed an orc sorcerer
  9281 | Orc:2    | Noticed Saint Roka
  9299 | Orc:1    | Paralysed by an orc sorcerer for 4 turns
  9312 | Orc:1    | Killed an orc sorcerer
  9314 | Orc:1    | Mangled by an orc warrior

Illustrated notes

Levels and vault maps discovered:
D:1:      lightli_arrival_statue_moat, layout_basic,
          wad_floor_pattern_untrapped, minmay_pentomino_o4
D:2:      layout_loops_ring
D:3:      layout_loops_ring
D:4:      layout_loops_ring, serial_shops, nicolae_shop_overgrown_old_shop,
          kennysheep_generic_room_5
D:5:      layout_basic, grunt_qazlal_clouds, cheibriados_altar_1, uniq_grinder
D:6:      wander_river, layout_loops_ring, temple_fountains
D:8:      due_megacathedral, layout_basic, amethyst_overflow_temple_binary,
          lair_entry_dummy, gammafunk_ghost_necromancy, serial_shops,
          nicolae_shop_crystal, shop, shop, shop, serial_undead,
          serial_undead_e, serial_undead_f, serial_undead_b, serial_undead_b,
          uniq_grum, uniq_pikel, uniq_maggie
D:9:      layout_rooms, fedhas_altar_4, erik_orc_3
Temple:   minmay_crystal_spiral_temple
Orc:1:    layout_diamond_mine, basic_altar
Orc:2:    grunt_orc_cross, layout_diamond_mine, basic_altar

Skill      XL: |  1  2  3  4  5  6  7  8  9 10 |
---------------+-------------------------------+-----
Shields        | 4 5 6 7 8 10 | 10.1
Armour         | 4 5 6 7 8 9 |  9.4
Long Blades    | 3 4 5 7 8 10 12 | 12.7
Fighting       | 4 5 7 8 |  8.6
Dodging        | 1 2 3 4 |  4.2
Stealth        | 1 |  1.0
Throwing       | 1 |  1.6

Action                   |  1- 3 |  4- 6 |  7- 9 | 10-12 || total
-------------------------+-------+-------+-------+-------++-------
Melee: Long sword        |   129 |    92 |   232 |   205 ||   658
       Headbutt          |    13 |    19 |    71 |    59 ||   162
Throw: Dart              |       |       |     3 |     7 ||    10
Invok: Divine Shield     |       |       |       |     1 ||     1
  Use: Scroll            |     4 |     3 |       |     2 ||     9
       Potion            |       |       |     2 |     1 ||     3
Armor: Scale mail        |    62 |    51 |    78 |    13 ||   204
       Chain mail        |       |       |       |    12 ||    12
       Plate armour      |       |       |       |    16 ||    16
Dodge: Dodged            |    35 |    36 |    81 |    52 ||   204
Block: Kite shield       |    88 |    42 |   142 |   121 ||   393
       Rpst.: Long sword |    10 |    10 |    26 |    12 ||    58
